 Dungeon Crawl Stone Soup version 0.30-a0-996-ga6910c8ee8 (webtiles) character file.

Game seed: 15356258119408548020

343 testman the Conjurer (level 6, -6/43 HPs)
             Began as a Demonspawn Conjurer on Apr 4, 2023.
             Was a Believer of Kikubaaqudgha.
             Killed by nerve-wracking pain
             ... invoked by an orc priest
              (10 damage)
             ... on level 3 of the Dungeon.
             The game lasted 00:13:22 (2769 turns).

testman the Conjurer (Demonspawn Conjurer)          Turns: 2769, Time: 00:13:23

Health: -6/43      AC:  5    Str: 13    XL:     6   Next: 31%
Magic:  9/12       EV: 11    Int: 21    God:    Kikubaaqudgha [**....]
Gold:   146        SH:  0    Dex: 12    Spells: 1/13 levels left

rFire   . . .      SeeInvis .    c - +0 dagger
rCold   . . .      Faith    .    (no shield)
rNeg    . . .      Spirit   .    k - +0 leather armour
rPois   .          Reflect  .    (no helmet)
rElec   .          Rampage  .    (no cloak)
rCorr   .                        (no gloves)
Will    .....                    (no boots)
Stlth   ++                       (no amulet)
HPRegen 0.27/turn                g - +6 ring of strength
MPRegen 0.13/turn                (no ring)

@: animating dead
A: hooves 1, rugged brown scales 2
a: Renounce Religion, Unearth Wretches


You were on level 3 of the Dungeon.
You worshipped Kikubaaqudgha.
Kikubaaqudgha was pleased with you.
You visited 1 branch of the dungeon, and saw 3 of its levels.

You collected 146 gold pieces.

Inventory:

Hand Weapons
 c - a +0 dagger (weapon)
 e - a +0 spear
Armour
 a - a +0 robe
 k - a +0 leather armour (worn)
Jewellery
 g - a +6 ring of strength (left hand)
Wands
 n - a wand of polymorph (6)
Scrolls
 f - a scroll of fog {unknown}
 h - 2 scrolls of identify {unknown}
 j - a scroll of magic mapping {unknown}
 l - 2 scrolls of noise {unknown}
 m - a scroll of enchant weapon {unknown}
 o - a scroll of torment {unknown}
Potions
 d - a potion of degeneration {unknown}
 i - a potion of mutation {unknown}


   Skills:
 - Level 1.7 Dodging
 - Level 1.7 Stealth
 - Level 4.2 Spellcasting
 - Level 4.6 Conjurations
 + Level 4.6 Necromancy


You had one spell level left.
You knew the following spells:

 Your Spells              Type           Power      Damage    Failure   Level
a - Magic Dart            Conj           92%        1d7       2%          1
b - Searing Ray           Conj           46%        2d6       3%          2
c - Sublimation of Blood  Necr           23%        N/A       3%          2
d - Vampiric Draining     Necr           23%        2d7       7%          3
e - Animate Dead          Necr           23%        N/A       22%         4

Your spell library contained the following spells:

 Spells                   Type           Power      Damage    Failure   Level
 Necrotise                Necr           92%        1d8       2%          1
 Dazzling Flash           Conj/Hex       28%        N/A       17%         3
 Fulminant Prism          Conj/Hex       7%         3d7       50%         4
 Iskenderun's Mystic Bla  Conj/Tloc      14%        2d5       50%         4
 Agony                    Necr           23%        N/A       52%         5


Dungeon Overview and Level Annotations

Branches:
Dungeon (3/15)

Altars:
Kikubaaqudgha


Innate Abilities, Weirdness & Mutations

You have large cloven feet.
You are mostly covered in rugged brown scales. (AC +2, +5% HP)


Message History

Kikubaaqudgha accepts your kill.
The endoplasm quivers.
The dead are slithering!
You feel sick.
An orc wizard comes into view. It is wielding a +0 dagger.
Casting: Vampiric Draining (dangerous; 7% risk of failure)
Confirm with . or Enter, or press ? or * to list all spells.
You draw magical energy from your own body!
The orc wizard shouts!
You feel sick.
You are no longer poisoned.
The orc priest hits you with a +0 dagger.
* * * LOW HITPOINT WARNING * * *
Casting: Sublimation of Blood (safe; 3% risk of failure)
Confirm with . or Enter, or press ? or * to list all spells.
Okay, then.
Okay, then.
Okay, then.
Magic courses through your body.
The orc wizard gestures wildly while chanting.
The orc wizard flickers and vanishes!
Deactivating autopickup; reactivate with Ctrl-A.
The orc priest hits you with a +0 dagger.
* * * LOW HITPOINT WARNING * * *
The orc hits you with a +0 whip.
* * * LOW HITPOINT WARNING * * *
Your adder zombie closely misses the orc priest.
The ball python bites you.
* * * LOW HITPOINT WARNING * * *
The ball python closely misses you.
Casting: Sublimation of Blood (safe; 3% risk of failure)
Confirm with . or Enter, or press ? or * to list all spells.
Aiming: Vampiric Draining (dangerous; 7% risk of failure)
Press: ? - help, Shift-Dir - straight line, f - orc priest
Aim: an orc priest, wielding a +0 dagger and wearing a +0 leather armour (ally target)
You draw life force from the orc priest.
You feel life coursing into your body. The orc barely misses you.
The orc priest mumbles some strange prayers to Beogh against you.
Pain shoots through your body!
You die...
Kikubaaqudgha rasps: "You have failed me!
Welcome... death!"

...#######.
#..........
##..........
........... #
#..........
...##..........
...............
#....o@Z......
#..##So##.....
.[..J ###
#.#.##. #.o. ..
.... .# S #..
.# .# #.. .


You could see an orc priest (ally target), an adder, 2 orcs, an endoplasm, a
ball python and a friendly adder zombie.

Vanquished Creatures
  Sigmund (D:2)
  Jessica (D:2)
  Natasha (thrice) (D:2)
  3 adders
  9 ball pythons
  7 bats
  4 endoplasms (D:1)
  A giant cockroach (D:2)
  5 goblins
  9 hobgoblins
  2 kobolds (D:2)
  4 frilled lizards
  8 rats
57 creatures vanquished.

Notes
Turn   | Place    | Note
-------+----------+-------------------------------------------
     0 | D:1      | testman the Demonspawn Conjurer began the quest for the
                  | Orb.
     0 | D:1      | Reached XP level 1. HP: 13/13 MP: 3/3
   388 | D:1      | Gained mutation: You have large cloven feet. [demonic
                  | ancestry]
   388 | D:1      | Reached XP level 2. HP: 19/19 MP: 1/5
   391 | D:1      | Learned a level 2 spell: Searing Ray
   832 | D:1      | Found a faded altar of an unknown god.
   850 | D:1      | Prayed at the altar of an unknown god.
   850 | D:1      | Became a worshipper of Kikubaaqudgha
   850 | D:1      | Reached * piety under Kikubaaqudgha
   850 | D:1      | Received a gift from Kikubaaqudgha
  1329 | D:2      | Reached skill level 1 in Necromancy
  1329 | D:2      | Gained mutation: You are partially covered in rugged brown
                  | scales. (AC +1, +3% HP) [demonic ancestry]
  1329 | D:2      | Reached XP level 3. HP: 19/24 MP: 4/6
  1422 | D:2      | Learned a level 2 spell: Sublimation of Blood
  2176 | D:2      | Noticed Natasha
  2185 | D:2      | Killed Natasha
  2185 | D:2      | Reached ** piety under Kikubaaqudgha
  2186 | D:2      | Gained mutation: You are mostly covered in rugged brown
                  | scales. (AC +2, +5% HP) [demonic ancestry]
  2186 | D:2      | Reached XP level 4. HP: 16/31 MP: 1/8
  2269 | D:2      | Noticed Natasha
  2273 | D:2      | Killed Natasha
  2340 | D:2      | Noticed Sigmund
  2367 | D:2      | Learned a level 3 spell: Vampiric Draining
  2445 | D:2      | Noticed Jessica
  2448 | D:2      | Killed Jessica
  2449 | D:2      | Reached XP level 5. HP: 36/36 MP: 6/9
  2518 | D:2      | Noticed Natasha
  2524 | D:2      | Killed Natasha
  2648 | D:2      | Killed Sigmund
  2649 | D:2      | Reached XP level 6. HP: 31/43 MP: 5/12
  2655 | D:2      | Learned a level 4 spell: Animate Dead
  2768 | D:3      | HP: 2/43 [orc/+0 whip (5)]
  2769 | D:3      | Killed from afar by an orc priest

Illustrated notes

Levels and vault maps discovered:
D:1:      minmay_arrival_pointy, layout_basic,
          hellmonk_ecumenical_altar_inner_sanctum,
          chequers_serial_rivers_micro_c
D:2:      layout_basic, kennysheep_generic_room_6, uniq_sigmund, uniq_natasha,
          uniq_jessica
D:3:      layout_rooms, mainiacjoe_overflow_small_starburst,
          kiku_gazebo_pond_becter, grunt_gozag_breadcrumbs

Skill      XL: |  1  2  3  4  5 |
---------------+----------------+-----
Necromancy     | 1 2 3 4 |  4.6
Spellcasting   | 3 4 |  4.2
Dodging        | |  1.7
Stealth        | |  1.7
Conjurations   | |  4.6

Action                     |  1- 3 |  4- 6 || total
---------------------------+-------+-------++-------
  Melee: Dagger            |     4 |     3 ||     7
   Cast: Magic Dart        |    53 |     6 ||    59
         Searing Ray       |    11 |     7 ||    18
         Vampiric Draining |       |     2 ||     2
         Animate Dead      |       |     1 ||     1
         Sublimation of Bl |       |     1 ||     1
    Use: Potion            |       |     1 ||     1
   Stab: Sleeping          |       |     2 ||     2
 Armour: Robe              |     3 |       ||     3
         Leather armour    |     1 |     1 ||     2
  Dodge: Dodged            |     9 |     7 ||    16

Table legend: (Time is in decaauts)
 A = Elapsed time spent in this place.
 B = Non-inter-level travel time spent in this place.
 C = Inter-level travel time spent in this place.
 D = Time resting spent in this place.
 E = Time spent auto-exploring this place.
 F = Levels seen in this place.
 G = Mean time per level.
                   A        B        C        D        E       F      G
               +--------+--------+--------+--------+--------+-----+--------+
         Total |   2768 |   2564 |    204 |    139 |   2007 |   3 |  922.7 |
       Dungeon |   2768 |   2564 |    204 |    139 |   2007 |   3 |  922.7 |
               +--------+--------+--------+--------+--------+-----+--------+

Top non-repeatable levels by time:
     D:2: 1518 daAuts
     D:1: 1241 daAuts
     D:3: 9 daAuts
